 Dungeon Crawl Stone Soup version 0.27.1-1-g398f81649c (webtiles) character file.

Game seed: 10558301294970084069

51 Metae the Shield-Bearer (level 3, -3/33 HPs)
             Began as a Minotaur Fighter on Sept 17, 2021.
             Slain by a gnoll (9 damage)
             ... on level 3 of the Dungeon.
             The game lasted 00:03:13 (1540 turns).

Metae the Shield-Bearer (Minotaur Fighter)          Turns: 1540, Time: 00:03:14

Health: -3/33      AC:  7    Str: 21    XL:     3   Next: 58%
Magic:  2/2        EV:  7    Int:  5    God:
Gold:   128        SH:  9    Dex:  9    Spells: 2/2 levels left

rFire    . . .     SeeInvis .   a - +0 trident
rCold    . . .     Faith    .   c - +0 kite shield
rNeg     . . .     Spirit   .   b - +0 scale mail
rPois    .         Reflect  .   (helmet restricted)
rElec    .         Harm     .   (no cloak)
rCorr    .         Rampage  .   (no gloves)
Will     .....                  (no boots)
Stlth    ..........             (no amulet)
HPRegen  0.11/turn              (no ring)
MPRegen  0.08/turn              (no ring)

@: lethally poisoned (-3 -> -8)
A: horns 2, retaliatory headbutt
a: no special abilities


You were on level 3 of the Dungeon.
You visited 1 branch of the dungeon, and saw 3 of its levels.

You collected 128 gold pieces.

Inventory:

Hand Weapons
 a - a +0 trident (weapon)
Armour
 b - a +0 scale mail (worn)
 c - a +0 kite shield (worn)
Scrolls
 e - a scroll of teleportation {unknown}
 f - a scroll of amnesia {unknown}
 g - a scroll of blinking {unknown}
 h - a scroll of identify {unknown}
 j - a scroll of immolation {unknown}
Potions
 d - 2 potions of might
 i - a potion of degeneration {unknown}


   Skills:
 + Level 4.2 Fighting
 + Level 3.1 Polearms
 + Level 4.2 Armour
 + Level 4.2 Shields


You had 2 spell levels left.
You didn't know any spells.
Your spell library contained the following spells:

 Spells                   Type           Power      Damage    Failure   Level
 Stone Arrow              Conj/Erth      0%         3d7       100%        3
 Animate Armour           Summ/Erth      0%         N/A       100%        4
 Animate Dead             Necr           0%         N/A       100%        4
 Haunt                    Necr/Summ      0%         N/A       100%        7
 Infestation              Necr           0%         N/A       100%        8
 Lehudib's Crystal Spear  Conj/Erth      0%         10d2      100%        8


Dungeon Overview and Level Annotations

Branches:
Dungeon (3/15)

Altars:
The Shining One


Innate Abilities, Weirdness & Mutations

You have a pair of horns on your head.
You reflexively headbutt those who attack you in melee.


Message History

Found a book of Death.
Found a faded altar of an unknown god.
You pick up a book of Death and begin reading...
You add the spells Animate Dead, Haunt and Infestation to your library.
You see here a +2 scale mail of fire resistance.
You see here 22 bolts. 3 gnolls and a kobold come into view.
A gnoll is wielding a +2 spear of venom.
The kobold shouts!
The gnoll shouts! x3; You hear a shout!
The gnoll moves out of view.
A gnoll shaman comes into view. It is wielding a +0 whip.
The gnoll shaman moves out of view.
You closely miss the kobold. Your headbutt misses the kobold.
The kobold hits you but does no damage.
You barely miss the kobold. You headbutt the kobold.
You kill the kobold!
You hit the gnoll but do no damage. Your headbutt misses the gnoll.
The gnoll hits you with a +0 flail!
The gnoll shaman calls upon its god to speed up the gnoll.
The gnoll seems to speed up.
You block the gnoll's attack.
You barely miss the gnoll. The gnoll hits you with a +0 flail.
You hit the gnoll.
The gnoll is heavily wounded.
The gnoll hits you from afar with a +2 spear of venom.
You are poisoned.
You block the gnoll's attack.
A gnoll comes into view. It is wielding a +0 halberd.
You feel very sick.
You feel very sick.
You feel sick.
* * * LOW HITPOINT WARNING * * *
You feel sick. The gnoll hits you with a +0 flail.
* * * LOW HITPOINT WARNING * * *
There is a stone staircase leading down, spattered with blood here.
* * * LOW HITPOINT WARNING * * *
You feel sick.
The gnoll shouts!
You block the gnoll's attack. The gnoll completely misses you.
The gnoll hits you with a +0 flail!
You die...

# #....# #..# ##
###..#.# #..# .##
##.....(## #..# ..#
##........## #)## #.#
#..........###g# #.##
#..........##.g# ...#
#......>....g..# .#.#
#..........g...#
...###).........@...#
...............#...##
...................#
##.###.............#
#.# #.........)...#
##.# #.............#
#..##.............#
##..#..........#..#
#..#.........#.##


You could see a gnoll shaman and 3 gnolls.

Vanquished Creatures
  2 adders (D:2)
  2 ball pythons (D:3)
  A bat (D:2)
  3 endoplasms
  5 goblins
  A hobgoblin (D:3)
  4 jackals (D:2)
  3 quokkas
  2 frilled lizards
  5 kobolds
  2 rats
30 creatures vanquished.

Notes
Turn   | Place    | Note
-------+----------+-------------------------------------------
     0 | D:1      | Metae the Minotaur Fighter began the quest for the Orb.
     0 | D:1      | Reached XP level 1. HP: 19/19 MP: 0/0
    91 | D:1      | You fall into a shaft and drop 1 floor!
   491 | D:2      | Reached XP level 2. HP: 26/27 MP: 1/1
   722 | D:2      | Reached XP level 3. HP: 21/33 MP: 2/2
  1146 | D:3      | Found a glowing golden altar of the Shining One.
  1468 | D:3      | Found a faded altar of an unknown god.
  1540 | D:3      | Slain by a gnoll

Illustrated notes

Levels and vault maps discovered:
D:1:      shiori_arrival_maze, layout_loops_cross
D:2:      layout_loops_ring
D:3:      layout_rooms, pdpol_wu_jian_five_deadly_venoms,
          mainiacjoe_overflow_concentric_impassable,
          mainiacjoe_overflow_alcove_1, ebering_ecumenical_altar_ruins

Skill      XL: |  1  2 |
---------------+-------+-----
Shields        | 4 |  4.2
Fighting       | 4 |  4.2
Armour         | 4 |  4.2
Polearms       | 3 |  3.1

Action                   || total
-------------------------++-------
Melee: Trident           ||    91
       Headbutt          ||     6
Armor: Scale mail        ||    37
Dodge: Dodged            ||    29
Block: Kite shield       ||    50
